 Dungeon Crawl Stone Soup version 0.28.0-53-g5a82cb258f (webtiles) character file.

Game seed: 3726537792518834195

49 styxcanada the Sneak (level 3, 0/18 HPs)
             Began as a Spriggan Brigand on July 28, 2022.
             Constricted to death by a ball python (1 damage)
             ... on level 2 of the Dungeon.
             The game lasted 00:04:59 (1586 turns).

styxcanada the Sneak (Spriggan Brigand)             Turns: 1586, Time: 00:04:59

Health: 0/18       AC:  3    Str:  7    XL:     3   Next: 53%
Magic:  4/4        EV: 14    Int: 12    God:
Gold:   32         SH:  0    Dex: 18    Spells: 2/2 levels left

rFire   . . .      SeeInvis +   a - +2 dagger
rCold   . . .      Faith    .   (no shield)
rNeg    . . .      Spirit   .   b - +0 robe
rPois   .          Reflect  .   (helmet restricted)
rElec   .          Harm     .   c - +0 cloak
rCorr   .          Rampage  .   (gloves unavailable)
Will    .....                   (boots unavailable)
Stlth   ++++......              (no amulet)
HPRegen 0.06/turn               (no ring)
MPRegen 0.09/turn               (no ring)

@: constricted, very quick
A: very small, no large weapons, unfitting armour, see invisible, speed 3
a: no special abilities


You were on level 2 of the Dungeon.
You visited 1 branch of the dungeon, and saw 2 of its levels.

You collected 32 gold pieces.

Inventory:

Hand Weapons
 a - a +2 dagger (weapon)
Missiles
 d - 8 poisoned darts (quivered)
 e - 2 curare-tipped darts
 f - 25 stones
Armour
 b - a +0 robe (worn)
 c - a +0 cloak (worn)
Scrolls
 h - a scroll of immolation {unknown}
 i - 2 scrolls of identify {unknown}
 k - a scroll of teleportation {unknown}
Potions
 g - a potion of curing {unknown}
 j - a potion of might {unknown}


   Skills:
 * Level 1.8 Fighting
 + Level 2.6 Short Blades
 + Level 2.0 Throwing
 * Level 2.0 Dodging
 * Level 7.1 Stealth
 * Level 0.2 Spellcasting


You had 2 spell levels left.
You didn't know any spells.
Your spell library contained the following spells:

 Spells                   Type           Power      Damage    Failure   Level
 Scorch                   Fire           0%         2d5       45%         2
 Flame Wave               Conj/Fire      0%         2d4       97%         4
 Summon Cactus Giant      Summ           0%         N/A       100%        6


Dungeon Overview and Level Annotations

Branches:
Dungeon (2/15)

Altars:


Innate Abilities, Weirdness & Mutations

You are very small and have problems with some larger weapons.
You are too small for most types of armour.
You have supernaturally acute eyesight. (SInv)
You cover ground extremely quickly. (Speed+++)


Message History

You hit the adder.
The adder is severely wounded.
The ball python looks more healthy.
The adder bites you.
You are poisoned.
The adder poisons you!
You barely miss the adder.
The adder is almost dead.
You feel sick. The adder closely misses you.
You hit the adder.
You kill the adder!
You feel sick. The rat misses you.
Your Dodging skill increases to level 2!
You closely miss the ball python.
The ball python is moderately wounded.
The ball python bites you but does no damage.
The ball python grabs you. The ball python constricts you.
You barely miss the ball python.
You punch the ball python, but do no damage.
The ball python is moderately wounded.
You feel sick. The ball python misses you. The ball python constricts you.
The rat bites you but does no damage.
You barely miss the ball python.
The ball python is moderately wounded.
You feel sick. The ball python barely misses you.
The ball python constricts you. The rat closely misses you.
You barely miss the ball python.
The ball python is moderately wounded.
You feel sick. The ball python closely misses you.
The ball python constricts you. The rat bites you.
You hit the ball python.
The ball python is moderately wounded.
You feel sick.
You are no longer poisoned.
The ball python bites you.
* * * LOW HITPOINT WARNING * * *
The ball python constricts you. The rat closely misses you.
You closely miss the rat. The ball python bites you.
* * * LOW HITPOINT WARNING * * *
The ball python constricts you.
You die...

...... ...... ...... #
...$. ..... .. ..(. ....
# ... ... ..# .## . ..
.. #.# ##..### ...#.#.
#.###.......
..#...r######.<....8....
.......@Sg..(...g.g.....
.....########...........
... #.###....... . #.#
....>.( #.# ......( #.#
#.8.... #.# ...... ..#
......


You could see a hobgoblin, a ball python and a rat.

Vanquished Creatures
  An adder (D:2)
  3 endoplasms (D:1)
  4 goblins (D:1)
  2 hobgoblins (D:1)
  4 jackals (D:1)
  4 kobolds (D:1)
  3 quokkas (D:1)
  4 ball pythons (D:1)
  4 bats (D:1)
  2 frilled lizards (D:1)
  5 rats (D:1)
36 creatures vanquished.

Notes
Turn   | Place    | Note
-------+----------+-------------------------------------------
     0 | D:1      | styxcanada the Spriggan Brigand began the quest for the
                  | Orb.
     0 | D:1      | Reached XP level 1. HP: 10/10 MP: 2/2
    53 | D:1      | Reached skill level 6 in Stealth
   222 | D:1      | Reached XP level 2. HP: 15/15 MP: 3/3
   977 | D:1      | Reached skill level 7 in Stealth
   982 | D:1      | Reached XP level 3. HP: 18/18 MP: 4/4
  1586 | D:2      | Constricted to death by a ball python

Illustrated notes

Levels and vault maps discovered:
D:1:      elethiomel_arrival_infinity_welcomes_careful_drivers, layout_basic
D:2:      layout_rooms, st_stairs_1, guppyfry_early_orc_mine

Skill      XL: |  1  2  3 |
---------------+----------+-----
Stealth        | 6 7 |  7.1
Dodging        | 2 |  2.0
Fighting       | |  1.8
Short Blades   | |  2.6
Throwing       | |  2.0
Spellcasting   | |  0.2

Action                   || total
-------------------------++-------
Melee: Dagger            ||   109
       Punch             ||     2
Throw: Dart              ||     8
 Stab: Sleeping          ||    13
Armor: Robe              ||    11
Dodge: Dodged            ||    78
